 Dungeon Sprint DCSS version 0.21-a0-94-gdd6ab6a (webtiles) character file.

10 Kidiri the Sneak (level 2, -4/14 HPs)
             Began as a Spriggan Enchanter on July 2, 2017.
             Slain by a hippogriff (8 damage)
             ... in the Dungeon (Sprint II: "The Violet Keep of Menkaure").
             The game lasted 00:01:14 (55 turns).

Kidiri the Sneak (Spriggan Enchanter)                 Turns: 55, Time: 00:01:15

Health: -4/14      AC:  2    Str:  4    XL:     2   Next: 10%
Magic:  3/7        EV: 19    Int: 16    God:
Gold:   243        SH:  0    Dex: 16    Spells: 4/7 levels left

rFire    . . .     SeeInvis +   a - +1 dagger
rCold    . . .     Gourm    .   (shield restricted)
rNeg     . . .     Faith    .   b - +0 robe
rPois    .         Spirit   .   (helmet restricted)
rElec    .         Reflect  .   (no cloak)
rCorr    .         Harm     .   (gloves unavailable)
MR       .....     NoTele   +   (boots unavailable)
Stlth    +++.......             (no amulet)
HPRegen  0.04/turn              (no ring)
MPRegen  0.10/turn              (no ring)

@: very slightly contaminated, very quick
A: unfitting armour, see invisible, herbivore 3, speed 3, slow metabolism 2
a: no special abilities


You were in the Dungeon.
You were not hungry.

You visited 1 branch You collected 243 gold pieces.

Inventory:

Hand Weapons
 a - a +1 dagger (weapon)
Armour
 b - a +0 robe (worn)
Scrolls
 j - a scroll of blinking
Potions
 e - a potion of curing
 f - a potion of heal wounds
 g - a potion of haste
 h - 2 potions of magic
 i - a potion of berserk rage
Books
 c - a book of Maledictions

   Spells                             Type                      Level
   a - Corona                         Hexes                        1
   b - Ensorcelled Hibernation        Hexes/Ice                    2
   c - Confuse                        Hexes                        3
   d - Tukima's Dance                 Hexes                        3
   e - Dazzling Spray                 Conjuration/Hexes            3
Comestibles
 d - a bread ration


   Skills:
 + Level 0.5 Fighting
 * Level 2.1 Short Blades
 + Level 0.7 Armour
 * Level 4.0 Dodging
 * Level 5.3 Stealth
 * Level 3.3 Spellcasting
 + Level 4.0 Hexes


You had 4 spell levels left.
You knew the following spells:

 Your Spells              Type           Power        Failure   Level  Hunger
a - Corona                Hex            ###....      3%          1    None
b - Ensorcelled Hibernat  Hex/Ice        #.....       12%         2    ##.....


Dungeon Overview and Level Annotations

Branches:
Dungeon (1/1)

Altars:


Innate Abilities, Weirdness & Mutations

You are very small and have problems with some larger weapons.
You are too small for most types of armour.
You have supernaturally acute eyesight. (SInv)
You are a herbivore.
You cover ground extremely quickly.
You need consume almost no food.


Message History

You miscast Ensorcelled Hibernation.
You are very lightly contaminated with residual magic.
Strange energies run through your body.
Casting: Ensorcelled Hibernation
Confirm with . or Enter, or press ? or * to list all spells.
Aiming: Ensorcelled Hibernation
Press: ? - help, Shift-Dir - straight line, f/p - hippogriff
Aim: a hippogriff (chance to defeat MR: 36%)
The hippogriff easily resists.
The hippogriff completely misses you. The hippogriff pecks you.
The hippogriff claws you!
Ouch! That really hurt!
* * * LOW HITPOINT WARNING * * *
Unknown command.
The hippogriff closely misses you. The hippogriff misses you.
The hippogriff completely misses you.
Unknown command.
The hippogriff bites you!
Ouch! That really hurt!
You die... zzz

#≈≈#+++#+++##
≈≈≈.........#
##+## ##.#.##
#.##.%# #
###..## # ##.
#+## .#
#..w##@##$#
#+.HH'#
#..w##.##.#
##. #+# .# #
3$. # 3##33
## ###


You could see 2 hippogriffs.

Vanquished Creatures
  3 worms (D)
3 creatures vanquished.

Vanquished Creatures (others)
  Menkaure (D)
1 creature vanquished.

Grand Total: 4 creatures vanquished

Notes
Turn   | Place    | Note
-------+----------+-------------------------------------------
     0 | D        | Kidiri the Spriggan Enchanter began the quest for the Orb.
     0 | D        | Reached XP level 1. HP: 9/9 MP: 5/5
     6 | D        | Reached skill level 5 in Stealth
    16 | D        | Noticed a flying skull
    16 | D        | Noticed a flying skull
    16 | D        | Noticed a flying skull
    16 | D        | Noticed a flying skull
    17 | D        | Noticed a flying skull
    17 | D        | Noticed a flying skull
    17 | D        | Noticed a flying skull
    17 | D        | Noticed a flying skull
    17 | D        | Noticed a flying skull
    18 | D        | Noticed a flying skull
    19 | D        | Noticed a flying skull
    19 | D        | Reached XP level 2. HP: 14/14 MP: 7/7
    21 | D        | Noticed a flying skull
    23 | D        | Learned a level 2 spell: Ensorcelled Hibernation
    28 | D        | Killed Menkaure
    36 | D        | Noticed a hippogriff
    36 | D        | Noticed a hippogriff
    40 | D        | Noticed a neqoxec
    40 | D        | Noticed a neqoxec
    40 | D        | Noticed a neqoxec
    40 | D        | Noticed a neqoxec
    44 | D        | Noticed a tyrant leech
    44 | D        | Noticed a tyrant leech
    55 | D        | Slain by a hippogriff

Vault maps used:
D:        the_violet_keep_of_menkaure

Skill      XL: |  1 |
---------------+----+-----
Spellcasting   | 3 |  3.3
Short Blades   | 2 |  2.1
Stealth        | 5 |  5.3
Dodging        | 4 |  4.0
Hexes          | 4 |  4.0
Fighting       | |  0.5
Armour         | |  0.7

Action                   || total
-------------------------++-------
Melee: Dagger            ||     3
 Cast: Ensorcelled Hiber ||     1
 Stab: Sleeping          ||     3
Dodge: Dodged            ||     4
